 Dungeon Crawl Stone Soup version 0.23.0-33-g5e6c059fef (webtiles) character file.

Game seed: 15759359666542858859

70 bananamassacre the Ruffian (level 4, 0/31 HPs)
             Began as an Octopode Berserker on Feb 27, 2019.
             Was a Follower of Trog.
             Slain by a goblin
             ... wielding a +0 dagger
              (1 damage)
             ... on level 2 of the Dungeon.
             The game lasted 00:03:18 (849 turns).

bananamassacre the Ruffian (Octopode Berserker)      Turns: 849, Time: 00:03:18

Health: 0/31       AC:  1    Str: 17    XL:     4   Next: 21%
Magic:  4/4        EV: 14    Int:  9    God:    Trog [*.....]
Gold:   21         SH:  0    Dex: 11    Spells: 3/3 levels left

rFire    . . .     SeeInvis .     - Unarmed
rCold    . . .     Gourm    .   (no shield)
rNeg     . . .     Faith    .   (helmet restricted)
rPois    .         Spirit   .   (no amulet)
rElec    .         Reflect  .   k - ring of resist corrosion
rCorr    +         Harm     .   (no ring)
MR       .....                  (no ring)
Stlth    +++.......             (no ring)
HPRegen  0.10/turn              (no ring)
MPRegen  0.09/turn              (no ring)
                                (no ring)
                                (no ring)

@: no status effects
A: almost no armour, stealthy swim, amphibious, 8 rings, constrict 8, camouflage
1, gelatinous body 1
a: Berserk, Renounce Religion


You were on level 2 of the Dungeon.
You worshipped Trog.
Trog was aware of your devotion.
You were not hungry.

You visited 1 branch of the dungeon, and saw 3 of its levels.

You collected 21 gold pieces.

Inventory:

Hand Weapons
 d - a +0 whip
Jewellery
 k - a ring of resist corrosion (left tentacle)
Scrolls
 b - a scroll of teleportation {unknown}
 e - a scroll of noise {unknown}
 f - a scroll of remove curse {unknown}
 g - a scroll of amnesia {unknown}
 i - a scroll of enchant armour {unknown}
 j - a scroll of fear {unknown}
 n - a scroll of identify {unknown}
Potions
 h - a potion of brilliance {unknown}
 l - a potion of curing {unknown}
 m - a potion of mutation {unknown}
Comestibles
 a - 4 rations
 c - 2 chunks of flesh


   Skills:
 + Level 3.4 Fighting
 + Level 3.5 Dodging
 + Level 1.5 Stealth
 + Level 3.9 Unarmed Combat


You had 3 spell levels left.
You didn't know any spells.
Your spell library was empty.

Dungeon Overview and Level Annotations

Branches:
Dungeon (3/15)

Altars:


Innate Abilities, Weirdness & Mutations

You cannot wear most types of armour.
You are very stealthy in the water. (Stealth+)
You are amphibious.
You can wear up to eight rings at the same time.
You can use your tentacles to constrict eight enemies at once.
Your skin changes colour to match your surroundings (Stealth+).
Your rubbery body absorbs attacks. (AC +1, EV +1)


Message History

The giant cockroach closely misses you.
You barely miss the giant cockroach. Your grab misses the giant cockroach.
The giant cockroach bites you but does no damage.
You closely miss the giant cockroach. Your grab misses the giant cockroach.
The giant cockroach bites you.
The goblin drinks a potion.
The goblin seems to speed up.
The giant cockroach completely misses you.
You barely miss the giant cockroach. Your grab misses the giant cockroach.
You tentacle-slap the giant cockroach. You squeeze the giant cockroach.
You kill the giant cockroach!
Trog accepts your kill.
You tentacle-slap the goblin but do no damage.
Your grab misses the goblin. The goblin hits you with a +0 dagger.
* * * LOW HITPOINT WARNING * * *
The hobgoblin hits you with a +0 club.
* * * LOW HITPOINT WARNING * * *
The goblin closely misses you. The goblin hits you with a +0 dagger.
* * * LOW HITPOINT WARNING * * *
The goblin barely misses you. The goblin hits you with a +0 dagger.
You die...

.................
...###..###..###..#
#.... #....#..#....#
#.#.###..###..###..# #
#................#
#.###..###..###..# #..
#....#..#.#..# . #
#.###..###..#.#..# #.#
#.#@g..............#
#.g.#.#g###..#.#..###..#
#....g#....#.#..# #.##
.##.#.%###..###..#.#.#
#.....................#
#.###...%.....$.....###
.......##############
###... ####


You could see a hobgoblin and 2 goblins.

Vanquished Creatures
  Jessica (D:2)
  An adder (D:3)
  2 worms (D:2)
  An orc (D:2)
  5 bats (D:2)
  2 giant cockroaches
  A hobgoblin (D:1)
  2 jackals (D:1)
  3 kobolds
  4 frilled lizards
  2 goblins (D:2)
  6 rats
30 creatures vanquished.

Notes
Turn   | Place    | Note
-------+----------+-------------------------------------------
     0 | D:1      | bananamassacre the Octopode Berserker began the quest for
                  | the Orb.
     0 | D:1      | Reached XP level 1. HP: 16/16 MP: 1/1
   143 | D:1      | Reached XP level 2. HP: 15/21 MP: 2/2
   304 | D:2      | HP: 1/21 [worm (7)]
   451 | D:2      | Noticed Jessica
   453 | D:2      | Killed Jessica
   453 | D:2      | Reached XP level 3. HP: 14/26 MP: 3/3
   482 | D:2      | You fall through a shaft!
   486 | D:3      | Reached skill level 1 in Stealth
   627 | D:2      | Reached XP level 4. HP: 12/31 MP: 4/4
   848 | D:2      | HP: 1/31 [goblin/+0 dagger (1)]
   849 | D:2      | Slain by a goblin

Skill      XL: |  1  2  3 |
---------------+----------+-----
Stealth        | 1 |  1.5
Fighting       | |  3.4
Dodging        | |  3.5
Unarmed Combat | |  3.9

Action                   |  1- 3 |  4- 6 || total
-------------------------+-------+-------++-------
Melee: Unarmed           |    36 |    30 ||    66
       Constrict         |    11 |     6 ||    17
       Tentacles         |     7 |     5 ||    12
       Punch             |       |     1 ||     1
 Stab: Sleeping          |     6 |     1 ||     7
Armor: Skin              |       |     7 ||     7
Dodge: Dodged            |    12 |    53 ||    65
